 Dungeon Crawl Stone Soup version 0.23.2-30-g0e89c35649 (webtiles) character file.

Game seed: 728580723689212710

231 Dasit the Chopper (level 5, -3/40 HPs)
             Began as a Demonspawn Gladiator on June 15, 2019.
             Killed by nerve-wracking pain
             ... invoked by an orc priest
              (8 damage)
             ... on level 3 of the Dungeon.
             The game lasted 00:04:33 (2897 turns).

Dasit the Chopper (Demonspawn Gladiator)            Turns: 2897, Time: 00:04:34

Health: -3/40      AC: 13    Str: 15    XL:     5   Next: 73%
Magic:  5/5        EV:  8    Int:  9    God:
Gold:   192        SH: 11    Dex: 15    Spells: 4/4 levels left

rFire    . . .     SeeInvis .   a - +1 war axe
rCold    . . .     Gourm    .   k - +0 large shield
rNeg     . . .     Faith    .   e - +3 leather armour
rPois    .         Spirit   .   d - +2 helmet
rElec    .         Reflect  .   (no cloak)
rCorr    .         Harm     .   (no gloves)
MR       .....                  c - +0 pair of boots
Stlth    +.........             (no amulet)
HPRegen  0.13/turn              (no ring)
MPRegen  0.09/turn              (no ring)

@: no status effects
A: molten scales 2, spiny 1
a: no special abilities


You were on level 3 of the Dungeon.
You were near starving.

You visited 1 branch of the dungeon, and saw 3 of its levels.

You collected 192 gold pieces.

Inventory:

Hand Weapons
 a - a +1 war axe (weapon)
Armour
 c - a +0 pair of boots (worn)
 d - a +2 helmet (worn)
 e - a +3 leather armour (worn)
 g - a +0 scale mail
 k - a +0 large shield (worn)
Scrolls
 b - a scroll of teleportation {unknown}
Potions
 h - a potion of mutation
 j - a potion of heal wounds
 m - a potion of flight
 n - a potion of agility {unknown}
Comestibles
 f - 7 rations


   Skills:
 * Level 2.8 Fighting
 + Level 4.1 Axes
 - Level 1.7 Throwing
 * Level 2.2 Armour
 + Level 3.4 Dodging
 * Level 1.3 Shields


You had 4 spell levels left.
You didn't know any spells.
Your spell library was empty.

Dungeon Overview and Level Annotations

Branches:
Dungeon (3/15)

Altars:


Innate Abilities, Weirdness & Mutations

You are mostly covered in molten scales. (AC +3)
You are partially covered in sharp spines.


Message History

You slash the orc!
You kill the orc!
You hit the orc priest.
The orc priest is moderately wounded.
The orc priest is struck by your spines.
The orc priest hits you with a +0 falchion.
You block the orc priest's attack.
You hit the orc priest.
The orc priest is severely wounded.
The orc priest invokes the aid of Beogh against you.
Beogh smites you!
* * * LOW HITPOINT WARNING * * *
You closely miss the orc priest.
The orc priest is severely wounded.
You block the orc priest's attack.
You closely miss the orc priest.
The orc priest is severely wounded.
The orc priest calls down the wrath of Beogh upon you.
Pain shoots through your body!
You die...

##'##...#....#.......#.#
#.###.##..............#
#.# #.###...#.#####...#
#.# #.#####.#.#####...#
#.# #.............#...#
#)#########.#.###.#...##
#...........#.# #.#.....
#############.# #.#.....
....w{o@....#.# #.#.....
....oK#####.#.###.#.....
..... #.#.....#.....
.... #.#.........## .##
#.#.####....## #.#.#
#...... #!#†# #...##.
#.#.# #......
#######.#.##########


You could see a worm, an orc priest, an orc wizard and a kobold.

Vanquished Creatures
  An orc priest (D:3)
  A hound (D:2)
  Natasha (twice) (D:3)
  Robin (D:2)
  3 adders
  An ooze (D:3)
  2 dart slugs
  2 leopard geckos (D:1)
  8 orcs (D:3)
  5 giant cockroaches
  17 goblins
  6 hobgoblins (D:2)
  A quokka (D:2)
  7 bats
  2 frilled lizards (D:2)
  6 kobolds
  7 rats
72 creatures vanquished.

Notes
Turn   | Place    | Note
-------+----------+-------------------------------------------
     0 | D:1      | Dasit the Demonspawn Gladiator began the quest for the Orb.
     0 | D:1      | Reached XP level 1. HP: 16/16 MP: 1/1
   227 | D:1      | Gained mutation: You are partially covered in molten
                  | scales. (AC +2) [demonic ancestry]
   227 | D:1      | Reached XP level 2. HP: 20/22 MP: 2/2
   255 | D:1      | Reached skill level 3 in Axes
   888 | D:2      | Gained mutation: You are mostly covered in molten scales.
                  | (AC +3) [demonic ancestry]
   888 | D:2      | Reached XP level 3. HP: 27/27 MP: 3/3
   913 | D:2      | Reached skill level 1 in Armour
  1004 | D:2      | Noticed Robin
  1020 | D:2      | Killed Robin
  1031 | D:2      | Gained mutation: You are partially covered in sharp spines.
                  | [demonic ancestry]
  1031 | D:2      | Reached XP level 4. HP: 24/34 MP: 4/4
  1945 | D:3      | Noticed Natasha
  1980 | D:3      | Killed Natasha
  1980 | D:3      | Reached XP level 5. HP: 34/39 MP: 5/5
  2115 | D:3      | Reached skill level 4 in Axes
  2164 | D:3      | HP: 1/39 [orc priest/nerve-wracking pain (7)]
  2167 | D:3      | Reached skill level 1 in Shields
  2861 | D:3      | Noticed Natasha
  2870 | D:3      | Killed Natasha
  2897 | D:3      | Killed from afar by an orc priest

Skill      XL: |  1  2  3  4  5 |
---------------+----------------+-----
Axes           | 3 4 |  4.1
Dodging        | 3 |  3.4
Armour         | 1 2 |  2.2
Shields        | 1 |  1.3
Fighting       | |  2.8
Throwing       | |  1.7

Action                   |  1- 3 |  4- 6 || total
-------------------------+-------+-------++-------
Melee: War axe           |   124 |    82 ||   206
Throw: Throwing net      |     3 |       ||     3
  Use: Scroll            |       |     7 ||     7
       Potion            |       |     2 ||     2
  Eat: Chunk             |     1 |     4 ||     5
Armor: Leather armour    |     6 |     5 ||    11
       Ring mail         |    61 |    33 ||    94
Dodge: Dodged            |   114 |    20 ||   134
Block: Large shield      |       |    52 ||    52
